 Dungeon Crawl Stone Soup version 0.31-a0-740-g87205ac768 (webtiles) character file.

Game seed: 5988700657053510017

184 GigaChad the Shield-Bearer (level 5, 0/42 HPs)
             Began as a Formicid Fighter on Sept 12, 2023.
             Slain by Pikel
             ... wielding a +0 whip of freezing
              (6 damage)
             ... on level 4 of the Dungeon.
             The game lasted 00:02:51 (2708 turns).

GigaChad the Shield-Bearer (Formicid Fighter)       Turns: 2708, Time: 00:02:52

Health: 0/42       AC:  9    Str: 22    XL:     5   Next: 96%
Magic:  5/5        EV:  8    Int:  8    God:
Gold:   124        SH:  5    Dex: 13    Spells: 4/4 levels left

rFire   . . .        a - +0 war axe
rCold   . . .        c - +0 buckler
rNeg    . . .        e - +0 chain mail
rPois   .            (helmet unavailable)
rElec   .            (no cloak)
rCorr   .            (no gloves)
SInv    +            (no boots)
Will    .....        (no amulet) Stlth
                     (no ring)
HPRegen 0.27/turn    (no ring)
MPRegen 0.09/turn

%: no passive effects
@: no status effects
A: permanent stasis, dig shafts and tunnels, antennae 3, four strong arms
a: Dig, Shaft Self


You were on level 4 of the Dungeon.
You visited 1 branch of the dungeon, and saw 4 of its levels.

You collected 124 gold pieces.

Inventory:

Hand Weapons
 a - a +0 war axe (weapon)
Armour
 b - a +0 scale mail
 c - a +0 buckler (worn)
 e - a +0 chain mail (worn)
Jewellery
 v - an amulet of regeneration
Scrolls
 f - a scroll of noise {unknown}
 g - a scroll of amnesia {unknown}
 i - a scroll of enchant weapon {unknown}
 j - a scroll of vulnerability {unknown}
 l - a scroll of blinking {unknown}
 p - a scroll of identify {unknown}
 q - 2 scrolls of teleportation {unknown}
 s - a scroll of fear {unknown}
 u - a scroll of revelation {unknown}
Potions
 d - a potion of might
 h - a potion of attraction {unknown}
 k - 2 potions of magic {unknown}
 m - 2 potions of degeneration {unknown}
 n - 3 potions of enlightenment {unknown}
 o - a potion of heal wounds {unknown}
 r - 3 potions of curing {unknown}
 t - a potion of brilliance {unknown}
 w - a potion of mutation {unknown}


   Skills:
 * Level 4.2 Fighting
 * Level 4.0 Axes
 * Level 4.2 Armour
 * Level 4.9 Shields


You had 4 spell levels left.
You didn't know any spells.
Your spell library contained the following spells:

 Spells                   Type           Power      Damage    Failure   Level
 Apportation              Tloc           0%         N/A       97%         1
 Necrotise                Necr           0%         1d4       97%         1
 Summon Small Mammal      Summ           0%         N/A       97%         1
 Wereblood                Tmut           0%         N/A       99%         2
 Irradiate                Conj/Tmut      0%         3d11      100%        5


Dungeon Overview and Level Annotations

Branches:
Dungeon (4/15)
 Temple: D:4-7

Altars:
Cheibriados
Makhleb
Uskayaw

Annotations:
D:4 Pikel


Innate Abilities, Weirdness & Mutations

You cannot be hasted, slowed, berserked, paralysed or teleported.
You can dig through walls and to a lower floor.
You have a pair of large antennae on your head. (SInv)
Your four strong arms can wield two-handed weapons with a shield.


Message History

You block the lemure's attack.
You are too injured to fight recklessly!
Unknown command.
You are too injured to fight recklessly!
Unknown command.
You are too injured to fight recklessly!
Unknown command.
You are too injured to fight recklessly!
You are too injured to fight recklessly!
Unknown command.
You are too injured to fight recklessly!
You hit Pikel.
Pikel is heavily wounded.
You hit the lemure. You slash the lemure! You barely miss the lemure.
Pikel hits you but does no damage. The lemure barely misses you.
The lemure hits you but does no damage. You block the lemure's attack.
Unknown command.
Unknown command.
You slash Pikel!
Pikel is severely wounded.
You hit the lemure but do no damage. You closely miss the lemure.
You slash the lemure!
Pikel hits you with a +0 whip of freezing.
* * * LOW HITPOINT WARNING * * *
Pikel freezes you.
* * * LOW HITPOINT WARNING * * *
The lemure hits you but does no damage. x2; The lemure completely misses you.
You completely miss Pikel.
Pikel is severely wounded.
You slash the lemure! You hit the lemure.
You kill the lemure!
That felt strangely unrewarding.
You completely miss the lemure. Pikel closely misses you.
The lemure barely misses you. The lemure hits you but does no damage.
You hit Pikel but do no damage.
Pikel is severely wounded.
You barely miss the lemure. You hit the lemure.
Pikel hits you with a +0 whip of freezing.
You die...
Pikel says, "See you in Hell!"

.....### #......#
+......+ #......#
#......# #......#
#......# #..5...#
+......# ###.5K5..#
##......###
#....@######..........
#.....#....#..........
#.....#....#..........
#.....#....#..........
#.....#.[..#..........
#.....#....+<.........
#.....#'##+#..........
####...........####...
#...........#†.#...


You could see Pikel and 3 lemures.

Vanquished Creatures
  A lemure (D:4)
  Jessica (D:2)
  An orc wizard (D:3)
  Robin (D:2)
  2 adders (D:2)
  5 worms
  4 dart slugs
  4 orcs (D:3)
  5 ball pythons
  4 endoplasms
  2 giant cockroaches (D:2)
  13 goblins
  8 hobgoblins
  5 jackals
  3 kobolds
  4 quokkas
  3 bats (D:1)
  2 frilled lizards
  5 rats
73 creatures vanquished.

Notes
Turn   | Place    | Note
-------+----------+-------------------------------------------
     0 | D:1      | GigaChad the Formicid Fighter began the quest for the Orb.
     0 | D:1      | Reached XP level 1. HP: 18/18 MP: 1/1
    53 | D:1      | Reached XP level 2. HP: 24/24 MP: 2/2
   569 | D:1      | Reached XP level 3. HP: 29/29 MP: 3/3
   920 | D:2      | Noticed Jessica
   933 | D:2      | Killed Jessica
   934 | D:2      | Reached XP level 4. HP: 8/37 MP: 4/4
  1418 | D:2      | Noticed Robin
  1429 | D:2      | Reached XP level 5. HP: 42/42 MP: 5/5
  1450 | D:2      | Killed Robin
  2129 | D:3      | Found a snail-covered altar of Cheibriados.
  2401 | D:3      | Found a burning altar of Makhleb.
  2524 | D:3      | Found a hide-covered altar of Uskayaw.
  2694 | D:4      | Noticed a lemure
  2695 | D:4      | Noticed Pikel
  2695 | D:4      | Noticed a lemure
  2696 | D:4      | Noticed a lemure
  2697 | D:4      | Noticed a lemure
  2707 | D:4      | Killed a lemure
  2708 | D:4      | Slain by Pikel

Illustrated notes

Levels and vault maps discovered:
D:1:      dpeg_arrival_lava_temple_mockup, layout_loops_ring,
          hangedman_glass_teeth
D:2:      layout_loops_ring, reono_crystal_passage, minivault_14,
          kennysheep_generic_room_12, uniq_jessica, uniq_robin
D:3:      kennysheep_big_flooded_room, layout_loops_corners,
          nicolae_overflow_hidden_temple, lemuel_coloured_pillars_altar,
          lemuel_crystal_altar
D:4:      layout_gridville, minmay_temple_entry_water_ring, uniq_ijyb,
          uniq_grinder, uniq_pikel

Skill      XL: |  1  2  3  4  5 |
---------------+----------------+-----
Axes           | 3 4 |  4.0
Armour         | 4 |  4.2
Fighting       | 4 |  4.2
Shields        | |  4.9

Action                     |  1- 3 |  4- 6 || total
---------------------------+-------+-------++-------
  Melee: War axe           |    59 |   135 ||   194
 Armour: Scale mail        |     6 |       ||     6
         Chain mail        |    33 |   118 ||   151
  Dodge: Dodged            |    28 |    54 ||    82
  Block: Buckler           |    18 |    31 ||    49

Table legend: (Time is in decaauts)
 A = Elapsed time spent in this place.
 B = Non-inter-level travel time spent in this place.
 C = Inter-level travel time spent in this place.
 D = Time resting spent in this place.
 E = Time spent auto-exploring this place.
 F = Levels seen in this place.
 G = Mean time per level.
                   A        B        C        D        E       F      G
               +--------+--------+--------+--------+--------+-----+--------+
         Total |   2781 |   2727 |     54 |      0 |   2240 |   4 |  695.2 |
       Dungeon |   2781 |   2727 |     54 |      0 |   2240 |   4 |  695.2 |
               +--------+--------+--------+--------+--------+-----+--------+

Top non-repeatable levels by time:
     D:3: 949 daAuts
     D:2: 939 daAuts
     D:1: 821 daAuts
     D:4: 70 daAuts
